 Dungeon Crawl Stone Soup version 0.30.1-11-g7821555f0a (webtiles) character file.

Game seed: 7861857429911021742

644 KittyFluff the Covered (level 7, -6/66 HPs)
             Began as a Gargoyle Berserker on Nov 24, 2023.
             Was a Priest of Trog.
             Mangled by a black bear (10 damage)
             ... on level 6 of the Dungeon.
             The game lasted 00:18:37 (4727 turns).

KittyFluff the Covered (Gargoyle Berserker)         Turns: 4727, Time: 00:18:37

Health: -6/66      AC: 10    Str: 22    XL:     7   Next: 52%
Magic:  7/7        EV: 13    Int:  8    God:    Trog [***...]
Gold:   299        SH:  0    Dex: 15    Spells: 6/6 levels left

rFire   . . .        a - +0 mace
rCold   + . .        (no shield)
rNeg    + . .        j - +0 leather armour
rPois   ∞            B - +0 helmet
rElec   +            (no cloak)
rCorr   .            y - +0 pair of gloves
SInv    .            (no boots)
Will    .....        (no amulet) Stlth
                     e - ring of protection from cold
HPRegen 0.31/turn    m - +6 ring of dexterity
MPRegen 0.10/turn

%: no passive effects
@: berserking (expiring), very quick
A: sickness immunity, AC +4, negative energy resistance 1, electricity
resistance, torment resistance 1, petrification resistance
a: Renounce Religion, Berserk, Trog's Hand


You were on level 6 of the Dungeon.
You worshipped Trog.
Trog was most pleased with you.
You visited 1 branch of the dungeon, and saw 6 of its levels.

You collected 299 gold pieces.

Inventory:

Hand Weapons
 a - a +0 mace (weapon)
 k - a +0 sling
 l - a +0 quarterstaff
Missiles
 v - 17 poisoned darts (quivered)
 A - 3 boomerangs
Armour
 j - a +0 leather armour (worn)
 y - a +0 pair of gloves (worn)
 B - a +0 helmet (worn)
Jewellery
 e - a ring of protection from cold (left hand)
 i - a +6 ring of dexterity
 m - a +6 ring of dexterity (right hand)
Wands
 h - a wand of paralysis (9)
Scrolls
 b - a scroll of acquirement {unknown}
 c - 4 scrolls of enchant weapon {unknown}
 d - a scroll of amnesia {unknown}
 n - a scroll of fear {unknown}
 o - 4 scrolls of teleportation {unknown}
 s - 2 scrolls of blinking {unknown}
 x - 2 scrolls of fog {unknown}
 z - 2 scrolls of magic mapping {unknown}
Potions
 f - 6 potions of curing
 g - 4 potions of flight
 p - a potion of lignification
 t - a potion of attraction
 u - a potion of berserk rage {unknown}
 w - 2 potions of haste


   Skills:
 + Level 4.5 Fighting
 + Level 4.2 Maces & Flails
 * Level 5.1 Armour
 * Level 3.8 Dodging
 + Level 3.1 Stealth


You had 6 spell levels left.
You didn't know any spells.
Your spell library was empty.

Dungeon Overview and Level Annotations

Branches:
Dungeon (6/15)
 Temple: D:4-7

Altars:
Elyvilon
Fedhas
Gozag
Ru
Wu Jian


Innate Abilities, Weirdness & Mutations

You are immune to sickness and miasma.
Your stone body is resilient. (AC +4)
You are immune to poison.
You resist negative energy. (rN+)
You are resistant to electric shocks. (rElec)
You are resistant to unholy torment.
You are immune to petrification.


Message History

The black bear is severely wounded.
The black bear closely misses you.
The black bear claws you but does no damage.
The black bear claws you.
* * * LOW HITPOINT WARNING * * *
The black bear misses you. The black bear closely misses you.
The black bear barely misses you.
A red film seems to cover your vision as you go berserk!
You feel yourself moving faster!
You feel mighty!
The black bear bites you but does no damage.
The black bear claws you.
* * * LOW HITPOINT WARNING * * *
The black bear claws you.
* * * LOW HITPOINT WARNING * * *
You hit the black bear.
The black bear is severely wounded.
The black bear bites you but does no damage.
The black bear claws you but does no damage. x2
The black bear bites you but does no damage.
The black bear claws you but does no damage. x2
You barely miss the black bear.
The black bear is severely wounded.
The black bear closely misses you.
The black bear claws you but does no damage. x2
You barely miss the black bear.
The black bear is severely wounded.
The black bear bites you but does no damage.
The black bear closely misses you.
The black bear claws you but does no damage.
You completely miss the black bear.
The black bear is severely wounded.
The black bear bites you but does no damage.
The black bear claws you.
* * * LOW HITPOINT WARNING * * *
The black bear claws you but does no damage.
A bullfrog comes into view.
You barely miss the black bear.
The black bear is severely wounded.
The black bear bites you!
You die...

............# #
...........F....##.###
.....................
....................
............##.....
..... ...#.......# ...
....# #. ###..5.## .
....# #.###..#h##
...># #....###@#
....#####..### #.#
.......#....# #.#
............# #._.#
............###...##
..............#####
.♣.............#§#
...............###
................#


You could see a black bear (berserk), a bullfrog and an ufetubus.

Vanquished Creatures
  2 kobold brigands (D:3)
  2 scorpions
  2 hounds
  A jelly (D:4)
  A gnoll bouda (D:5)
  2 iguanas
  An orc wizard (D:5)
  Robin (D:4)
  2 adders
  6 gnolls (D:5)
  A worm (D:4)
  2 dart slugs (D:1)
  4 orcs
  3 ball pythons
  7 endoplasms
  3 giant cockroaches
  16 goblins
  10 hobgoblins
  3 jackals
  5 quokkas
  5 bats
  3 frilled lizards
  14 kobolds
  6 rats
102 creatures vanquished.

Notes
Turn   | Place    | Note
-------+----------+-------------------------------------------
     0 | D:1      | KittyFluff the Gargoyle Berserker began the quest for the
                  | Orb.
     0 | D:1      | Reached XP level 1. HP: 14/14 MP: 1/1
   106 | D:1      | Reached XP level 2. HP: 16/19 MP: 2/2
   428 | D:1      | Reached XP level 3. HP: 23/23 MP: 3/3
   493 | D:1      | Found a faded altar of an unknown god.
  1022 | D:2      | Reached ** piety under Trog
  1134 | D:2      | Reached skill level 3 in Armour
  1203 | D:2      | Found a blossoming altar of Fedhas.
  2089 | D:3      | Reached XP level 4. HP: 26/28 MP: 4/4
  2350 | D:3      | Noticed a kobold brigand
  2361 | D:3      | Noticed a kobold brigand
  2364 | D:3      | Killed a kobold brigand
  2365 | D:3      | Reached skill level 1 in Stealth
  2365 | D:3      | Reached XP level 5. HP: 21/33 MP: 5/5
  2378 | D:3      | Killed a kobold brigand
  2564 | D:3      | Found an opulent altar of Gozag.
  2637 | D:3      | Reached skill level 4 in Armour
  2902 | D:4      | Reached XP level 6. HP: 36/38 MP: 6/6
  3451 | D:4      | Noticed Robin
  3461 | D:4      | Reached *** piety under Trog
  3480 | D:4      | Killed Robin
  3542 | D:5      | Entered Level 5 of the Dungeon
  3708 | D:5      | Found a white marble altar of Elyvilon.
  3763 | D:5      | Reached XP level 7. HP: 43/43 MP: 7/7
  3847 | D:5      | Found a sacrificial altar of Ru.
  4217 | D:5      | HP: 1/66 [gnoll bouda/+0 club (6)]
  4479 | D:5      | Reached skill level 5 in Armour
  4697 | D:6      | Found an ornate altar of the Wu Jian Council.
  4727 | D:6      | Mangled by a black bear

Illustrated notes

Levels and vault maps discovered:
D:1:      minmay_arrival_cross, layout_basic, chequers_ecumenical_altar_simple,
          minmay_tall_x
D:2:      layout_loops_corners, basic_altar
D:3:      cheibrodos_thug_alley, layout_basic,
          mainiacjoe_overflow_six_doors_small
D:4:      layout_basic, uniq_robin
D:5:      layout_basic, lemuel_doored_altar, nicolae_ru_awakened_eye
D:6:      layout_rooms, pdpol_wu_jian_five_deadly_venoms,
          mainiacjoe_overflow_concentric_impassable,
          mainiacjoe_overflow_brackets, minmay_temple_entry_junction_2,
          grunt_ministairs_2, st_stairs_7

Skill      XL: |  1  2  3  4  5  6  7 |
---------------+----------------------+-----
Dodging        | 2 3 |  3.8
Armour         | 3 4 5 |  5.1
Stealth        | 1 2 3 |  3.1
Fighting       | 4 |  4.5
Maces & Flails | 4 |  4.2

Action                     |  1- 3 |  4- 6 |  7- 9 || total
---------------------------+-------+-------+-------++-------
  Melee: Mace              |   139 |   168 |    91 ||   398
         Punch             |     2 |     1 |     1 ||     4
 Invoke: Berserk           |       |       |     2 ||     2
    Use: Scroll            |       |     6 |       ||     6
   Stab: Sleeping          |     2 |     3 |       ||     5
 Armour: Animal skin       |    15 |       |       ||    15
         Leather armour    |    38 |    71 |    78 ||   187
  Dodge: Dodged            |    82 |   125 |    94 ||   301
